 Dungeon Crawl Stone Soup version 0.23.2-1-ga50397a (webtiles) character file.

Game seed: 16710726282947061389

1851 laputanmachine the Slicer (level 8, 0/73 HPs)
             Began as a Minotaur Abyssal Knight on May 11, 2019.
             Was a Priest of Lugonu.
             Engulfed by a cloud of flame (16 damage)
             ... on level 7 of the Dungeon.
             The game lasted 00:31:12 (6261 turns).

laputanmachine the Slicer (Minotaur Abyssal Knight) Turns: 6261, Time: 00:31:13

Health: 0/73       AC: 10    Str: 19    XL:     8   Next: 88%
Magic:  8/8        EV: 10    Int:  9    God:    Lugonu [***...]
Gold:   326        SH:  4    Dex: 10    Spells: 7/7 levels left

rFire    . . .     SeeInvis .   g - +1 short sword (flame)
rCold    . . .     Gourm    .   (no shield)
rNeg     . . .     Faith    .   k - +0 scale mail
rPois    .         Spirit   .   (helmet restricted)
rElec    .         Reflect  +   A - +0 cloak
rCorr    +         Harm     .   (no gloves)
MR       .....                  i - +0 pair of boots
Stlth    ..........             q - +4 amulet of reflection
HPRegen  0.22/turn              s - ring of resist corrosion
MPRegen  0.11/turn              (no ring)

@: no status effects
A: retaliatory headbutt, horns 2
a: Depart the Abyss, Bend Space, Banish, Renounce Religion


You were on level 7 of the Dungeon.
You worshipped Lugonu.
Lugonu was most pleased with you.
You were not hungry.

You visited 2 branches of the dungeon, and saw 9 of its levels.
You visited the Abyss 1 time.

You collected 326 gold pieces.

Inventory:

Hand Weapons
 g - a +1 short sword of flaming (weapon)
Armour
 i - a +0 pair of boots (worn)
 k - a +0 scale mail (worn)
 A - a +0 cloak (worn)
Jewellery
 l - an uncursed ring of fire
 q - a +4 amulet of reflection (around neck)
 s - a ring of resist corrosion (left hand)
Scrolls
 b - a scroll of fear {unknown}
 d - a scroll of enchant armour {unknown}
 f - 2 scrolls of magic mapping {unknown}
 h - 4 scrolls of blinking
 m - 3 scrolls of remove curse
 n - 4 scrolls of teleportation
 r - 2 scrolls of amnesia
 t - 2 scrolls of fog {unknown}
Potions
 a - a potion of cancellation {unknown}
 e - a potion of ambrosia
 j - 2 potions of brilliance
 o - a potion of mutation {unknown}
 p - a potion of heal wounds {unknown}
 u - a potion of degeneration {unknown}
 v - 2 potions of haste {unknown}
 w - a potion of resistance {unknown}
 z - a potion of agility {unknown}
Comestibles
 c - 9 rations


   Skills:
 + Level 7.1 Fighting
 * Level 9.4 Short Blades
   Level 2.4 Maces & Flails
 + Level 6.8 Armour
 - Level 1.1 Dodging
 + Level 0.9 Stealth
 + Level 2.1 Invocations


You had 7 spell levels left.
You didn't know any spells.
Your spell library contained the following spells:

 Spells                   Type           Power        Failure   Level  Hunger
 Corona                   Hex            #......      73%         1    ##.....
 Ensorcelled Hibernation  Hex/Ice        #.....       86%         2    ###....
 Confuse                  Hex            #.......     97%         3    ####...
 Dazzling Spray           Conj/Hex       #.....       97%         3    ####...
 Tukima's Dance           Hex            #.......     97%         3    ####...


Dungeon Overview and Level Annotations

Branches:
Dungeon (8/15)             Temple (1/1) D:4
   Lair: D:8-11

Altars:
Ashenzari
Cheibriados
Dithmenos
Elyvilon
Fedhas
Hepliaklqana
Kikubaaqudgha
Makhleb
Nemelex Xobeh
Okawaru
Qazlal
Ru
Sif Muna
Trog
Uskayaw
Vehumet
Wu Jian
Xom
Zin
The Shining One

Shops:
D:4 }

Annotations:
D:7 2 transporters, Killmatronix's ghost, novice MiFE
D:8 Prince Ribbit


Innate Abilities, Weirdness & Mutations

You reflexively headbutt those who attack you in melee.
You have a pair of horns on your head.


Message History

The two-headed ogre hits you with a +0 giant club.
You hit the two-headed ogre but do no damage.
The two-headed ogre is lightly wounded.
You closely miss the two-headed ogre.
The two-headed ogre is lightly wounded.
The two-headed ogre hits you with a +0 giant spiked club!!
The two-headed ogre hits you with a +0 giant club!
* * * LOW HITPOINT WARNING * * *
You climb upwards.
Level annotation: 2 transporters, Killmatronix's ghost, novice MiFE
There is a stone staircase leading down here.
You closely miss the two-headed ogre.
The two-headed ogre is lightly wounded.
You block the two-headed ogre's attack.
The two-headed ogre hits you with a +0 giant club!
* * * LOW HITPOINT WARNING * * *
Space bends around you!
You blink.
Really walk into a travel-excluded area?
You are engulfed in blazing flames.
You die...

..#8#.#8#..#..O....O.#.........#
..###.###..#..######.....#######
..........W#..# ###...#
©....n...ZW#O.# #####...#### ###
############..####.......##.###..
............O###....[.......O...#
#.......##......○..°.............
#...............$.§.............#
#....>#.#..##.##@°.☼.#...##.###.#
####.##.#..##.##....☼............
#.##.......##.##..#######.##.#
##.####..#####.###.# ##..)###
#........#####.###.#####.....## #
#.#####........##....##.......#
###.#####..######..........._....
...........# ##...###..#.......#
###.#####.## #....'_#..##.....##


You could see a two-headed ogre, a phantom and an adder skeleton.

Vanquished Creatures
  A hungry ghost (D:7)
  An orc warrior (D:6)
  An ice beast (D:6)
  A sky beast (D:5)
  A phantom (D:5)
  3 ogres
  3 centaurs
  3 bullfrogs
  A howler monkey (D:6)
  A crimson imp (D:8)
  2 hounds
  A quasit (D:6)
  2 jellies
  A bullfrog skeleton (D:8)
  An orc priest (D:4)
  3 orc wizards
  2 iguanas
  4 worker ants
  3 gnolls (D:6)
  4 adders
  2 shadow imps
  3 oozes
  3 worms
  5 leopard geckos
  17 orcs
  A ball python (D:4)
  2 bats
  2 giant cockroaches
  3 goblins
  7 hobgoblins
  7 kobolds
  6 quokkas
  3 frilled lizards
  6 rats
106 creatures vanquished.

Notes
Turn   | Place    | Note
-------+----------+-------------------------------------------
     0 | Abyss:1  | laputanmachine the Minotaur Abyssal Knight began the quest
                  | for the Orb.
     0 | Abyss:1  | Reached XP level 1. HP: 19/19 MP: 1/1
    39 | D:1      | Escaped the Abyss
   378 | D:1      | Reached XP level 2. HP: 24/27 MP: 2/2
   772 | D:2      | Reached * piety under Lugonu
   835 | D:2      | Reached XP level 3. HP: 33/34 MP: 3/3
   923 | D:2      | Reached skill level 5 in Fighting
   923 | D:2      | Reached skill level 1 in Short Blades
   923 | D:2      | Reached XP level 4. HP: 38/42 MP: 4/4
  1615 | D:3      | Found a burning altar of Makhleb.
  1889 | D:4      | Reached skill level 2 in Short Blades
  1931 | D:4      | Reached ** piety under Lugonu
  1943 | D:4      | Reached XP level 5. HP: 37/48 MP: 5/5
  2013 | D:4      | Noticed an ogre
  2036 | D:4      | Killed an ogre
  2036 | D:4      | Reached skill level 3 in Short Blades
  2356 | D:4      | Found Vavim's Gadget Emporium.
  2409 | D:4      | Noticed an ogre
  2439 | D:4      | Killed an ogre
  2439 | D:4      | Reached skill level 4 in Short Blades
  2439 | D:4      | Reached XP level 6. HP: 21/57 MP: 6/6
  2809 | D:4      | Reached skill level 5 in Short Blades
  3087 | D:4      | Found a staircase to the Ecumenical Temple.
  3115 | Temple   | Entered the Ecumenical Temple
  3485 | D:5      | Entered Level 5 of the Dungeon
  3516 | D:5      | Reached XP level 7. HP: 47/63 MP: 7/7
  3610 | D:5      | Reached skill level 6 in Short Blades
  3972 | D:5      | Found an ancient bone altar of Kikubaaqudgha.
  3993 | D:5      | Reached skill level 7 in Short Blades
  3993 | D:5      | Reached skill level 5 in Armour
  4312 | D:6      | Reached XP level 8. HP: 54/71 MP: 8/8
  4611 | D:6      | Reached *** piety under Lugonu
  4615 | D:6      | Reached skill level 8 in Short Blades
  5267 | D:7      | Found a shadowy altar of Dithmenos.
  5274 | D:7      | Found a radiant altar of Vehumet.
  5304 | D:7      | Found a deep blue altar of Sif Muna.
  5343 | D:7      | Found a hide-covered altar of Uskayaw.
  5346 | D:7      | Found a snail-covered altar of Cheibriados.
  5444 | D:7      | Found a shattered altar of Ashenzari.
  5482 | D:7      | Reached skill level 9 in Short Blades
  5498 | D:7      | Found a transporter.
  5500 | D:7      | Noticed Killmatronix's ghost (novice MiFE)
  5517 | D:7      | Found a transporter.
  5965 | D:8      | Noticed Prince Ribbit
  5966 | D:8      | Noticed a two-headed ogre
  6261 | D:7      | Engulfed by a cloud of flame

Skill      XL: |  1  2  3  4  5  6  7  8 |
---------------+-------------------------+-----
Fighting       | 4 5 6 7 |  7.1
Short Blades   | 1 2 4 5 7 9 |  9.4
Armour         | 3 4 5 6 |  6.8
Invocations    | 2 |  2.1
Maces & Flails | |  2.4
Dodging        | |  1.1
Stealth        | |  0.9

Action                   |  1- 3 |  4- 6 |  7- 9 || total
-------------------------+-------+-------+-------++-------
Melee: Short sword       |    57 |   127 |   203 ||   387
       Mace              |     3 |       |       ||     3
       Headbutt          |    11 |    22 |    36 ||    69
Invok: Depart the Abyss  |     1 |       |       ||     1
       Bend Space        |       |     1 |     1 ||     2
  Use: Scroll            |       |     3 |     4 ||     7
       Potion            |       |     1 |       ||     1
  Eat: Ration            |       |     3 |     1 ||     4
       Chunk             |       |       |     7 ||     7
Armor: Leather armour    |     2 |       |       ||     2
       Scale mail        |    16 |    34 |    50 ||   100
Dodge: Dodged            |    29 |    32 |    79 ||   140
Block: Other             |       |     9 |    22 ||    31
